 Dungeon Crawl Stone Soup version 0.25.1-2-g60ff931df9 (webtiles) character file.

Game seed: 11328952669306072457

182 H0rd4k the Insei (level 5, -6/33 HPs)
             Began as an Octopode Transmuter on Aug 3, 2020.
             Killed from afar by Blork the orc (7 damage)
             ... with a magic dart
             ... on level 4 of the Dungeon.
             The game lasted 00:03:22 (3511 turns).

H0rd4k the Insei (Octopode Transmuter)              Turns: 3511, Time: 00:03:22

Health: -6/33      AC:  2    Str:  9    XL:     5   Next: 61%
Magic:  3/9        EV: 20    Int: 16    God:
Gold:   162        SH:  0    Dex: 18    Spells: 3/9 levels left

rFire    . . .     SeeInvis .     - Unarmed
rCold    . . .     Gourm    .   (shield currently unavailable)
rNeg     . . .     Faith    .   (helmet currently unavailable)
rPois    x         Spirit   .   (no amulet)
rElec    .         Reflect  .   (no ring)
rCorr    .         Harm     .   (no ring)
MR       .....                  (no ring)
Stlth    ++........             (no ring)
HPRegen  0.11/turn              (no ring)
MPRegen  0.11/turn              (no ring)
                                (no ring)
                                (no ring)

@: lethally poisoned (-6 -> -8), spider-form, very slightly contaminated
A: tiny, almost no armour, stealthy swim, (amphibious), 8 rings, (constrict 8)
a: End Transformation


You were on level 4 of the Dungeon.
You were not hungry.
You were a venomous arachnid creature.
You visited 1 branch of the dungeon, and saw 4 of its levels.

You collected 162 gold pieces.

Inventory:

Missiles
 a - 54 arrows
Scrolls
 b - 2 scrolls of teleportation
 d - a scroll of enchant armour
 e - a scroll of magic mapping {unknown}
 g - a scroll of identify
 i - 4 scrolls of remove curse
 j - a scroll of amnesia {unknown}
 m - a scroll of enchant weapon {unknown}
Potions
 h - 2 potions of flight
 k - a potion of berserk rage
 l - a potion of degeneration {unknown}
Comestibles
 c - 4 rations


   Skills:
 + Level 1.2 Fighting
 + Level 2.6 Dodging
 + Level 2.3 Stealth
 + Level 4.4 Unarmed Combat
 * Level 2.7 Spellcasting
 * Level 2.9 Transmutations
 + Level 0.1 Poison Magic


You had 3 spell levels left.
You knew the following spells:

 Your Spells              Type           Power        Failure   Level  Hunger
a - Beastly Appendage     Tmut           ##....       17%         1    #......
b - Sticks to Snakes      Tmut           ##......     22%         2    ##.....
c - Spider Form           Tmut/Pois      #.........   52%         3    ###....

Your spell library contained the following spells:

 Spells                   Type           Power        Failure   Level  Hunger
 Ice Form                 Ice/Tmut       #.......     87%         4    #####..
 Blade Hands              Tmut           ##........   95%         5    ######.


Dungeon Overview and Level Annotations

Branches:
Dungeon (4/15)             Temple (0/1) D:4

Altars:
Dithmenos
Kikubaaqudgha

Annotations:
D:2 exclusion: downstairs
D:3 Robin
D:4 exclusion: phantom, Blork the orc


Innate Abilities, Weirdness & Mutations

You cannot wear most types of armour.
You are very stealthy in the water. (Stealth+)
((You are amphibious.))
You can wear up to eight rings at the same time.
((You can use your tentacles to constrict eight enemies at once.))
((Your skin changes colour to match your surroundings (Stealth+).))
((Your rubbery body absorbs attacks. (AC +1, EV +1)))


Message History

Blork the orc casts a spell at you. The puff of frost hits you!
Casting: Spider Form (quite dangerous; 30% risk of failure)
Confirm with . or Enter, or press ? or * to list all spells.
The spell is quite dangerous to cast (30% risk of failure)!
Continue anyway?
You turn into a venomous arachnid creature.
You feel sick.
You bite Blork the orc!
Blork the orc is moderately wounded.
Blork the orc closely misses you.
You bite Blork the orc!
Blork the orc is poisoned.
Blork the orc is heavily wounded.
Blork the orc hits you with a +0 long sword!
* * * LOW HITPOINT WARNING * * *
You hit Blork the orc.
Blork the orc looks as sick as possible!
Blork the orc is heavily wounded.
Blork the orc points at you and mumbles some strange words.
The magic dart hits you!
You die...

### # #.. .. #.#
... ##.## #.# .=..
... ...# .
.....##.## #..#
...........# #..#
.....####..####..#
.......os....##..#
..##..####....#..#
## #.........#
#.......(.#
#........##
###....#.#
[......#.#######
###..#.........#
#..###.#######


You could see Blork the orc (extremely poisoned).

Vanquished Creatures
  An ogre (D:4)
  3 adders
  2 worms
  A dart slug (D:1)
  A leopard gecko (D:1)
  3 orcs (D:3)
  3 giant cockroaches (D:1)
  9 goblins
  8 hobgoblins
  5 jackals
  4 kobolds
  A ball python (D:1)
  7 bats
  6 frilled lizards
  3 rats
57 creatures vanquished.

Notes
Turn   | Place    | Note
-------+----------+-------------------------------------------
     0 | D:1      | H0rd4k the Octopode Transmuter began the quest for the Orb.
     0 | D:1      | Reached XP level 1. HP: 13/13 MP: 3/3
    76 | D:1      | Reached XP level 2. HP: 11/18 MP: 5/5
  1184 | D:2      | Reached XP level 3. HP: 23/23 MP: 4/6
  1333 | D:2      | Found a shadowy altar of Dithmenos.
  1335 | D:2      | Found an ancient bone altar of Kikubaaqudgha.
  1771 | D:3      | Reached skill level 1 in Stealth
  1965 | D:3      | Reached XP level 4. HP: 19/28 MP: 5/7
  2156 | D:3      | Noticed Robin
  2965 | D:3      | Reached skill level 4 in Unarmed Combat
  3208 | D:4      | Noticed a phantom
  3213 | D:4      | Learned a level 2 spell: Sticks to Snakes
  3217 | D:4      | Learned a level 3 spell: Spider Form
  3349 | D:4      | Found a staircase to the Ecumenical Temple.
  3392 | D:4      | Noticed an ogre
  3408 | D:4      | Killed an ogre
  3408 | D:4      | Reached XP level 5. HP: 33/33 MP: 2/9
  3502 | D:4      | Noticed Blork the orc
  3510 | D:4      | HP: 1/33 [Blork the orc/+0 long sword (13)]
  3511 | D:4      | Killed from afar by Blork the orc

Illustrated notes

Levels and vault maps discovered:
D:1:      lightli_arrival_boilingwater, layout_rooms, corner_web_ring,
          minmay_pentomino_v2
D:2:      kennysheep_big_flooded_room, layout_loops_cross,
          chequers_temple_overflow_statue_of_worship, first_ration,
          kennysheep_pointless_box
D:3:      layout_basic, overflow_temple_1_default, uniq_robin
D:4:      layout_loops_ring, makhleb_heckhound_becter,
          minmay_temple_entry_junction, uniq_blork_the_orc

Skill      XL: |  1  2  3  4 |
---------------+-------------+-----
Stealth        | 1 2 |  2.3
Unarmed Combat | 4 |  4.4
Fighting       | |  1.2
Dodging        | |  2.6
Spellcasting   | |  2.7
Transmutations | |  2.9
Poison Magic   | |  0.1

Action                   |  1- 3 |  4- 6 || total
-------------------------+-------+-------++-------
Melee: Unarmed           |    81 |    77 ||   158
       Constrict         |    23 |    17 ||    40
       Tentacles         |    12 |    12 ||    24
       Punch             |     4 |       ||     4
       Kick              |     3 |     1 ||     4
 Cast: Beastly Appendage |     4 |     1 ||     5
       Spider Form       |       |     2 ||     2
  Use: Scroll            |     4 |       ||     4
 Stab: Sleeping          |     5 |     3 ||     8
  Eat: Chunk             |     3 |     2 ||     5
       Ration            |       |     1 ||     1
Armor: Skin              |    10 |     7 ||    17
Dodge: Dodged            |    44 |    61 ||   105
